AoeStats
← Milla Magia

Nomad

505482768Analyzed
4v4 RM · 21d ago on Sep 9, 2026· 35m 36s· 8 players
Game mode
Random Map
Map size
231×231
Population
200
Speed
Normal
Resources
Standard
Victory
Conquest
Starting age
Dark Age
Ending age
Imperial Age
RankedLock teamsTeams togetherTeam positionsShared explorationLock speedFull tech treeHidden civsTurbo modeCheats
Victory
Defeat
🇪🇸 Celts · Spain
1151
+13
🇫🇮 Japanese · Finland
1120
+14
🇹🇷 Tatars · Türkiye
1110
+15
🇩🇪 Persians · Germany
1082
+16
🇫🇷 Burgundians · France
1158
-17
🇨🇳 Vietnamese · China
1096
-15
🇺🇸 Chinese · United States
1052
-13
🇨🇴 Bulgarians · Colombia
1038
-13
Demshredz
3:36 Loom
16:57 Feudal Age
21:16 Castle Age
19:03 Double-Bit Axe
19:01 Horse Collar
23:10 Wheelbarrow
22:21 Town Watch
22:49 Bow Saw
22:45 Heavy Plow
29:36 Scale Barding Armor
29:42 Forging
29:38 Gold Mining
29:41 Stone Mining
31:03 Gold Shaft Mining
31:31 Bloodlines
31:21 Husbandry
LokillO!
7:43 Loom
17:17 Feudal Age
17:59 Double-Bit Axe
21:28 Castle Age
19:24 Horse Collar
19:38 Gold Mining
19:39 Stone Mining
21:10 Wheelbarrow
21:55 Fishing Lines
23:55 Town Watch
24:41 Scale Mail Armor
24:52 Forging
24:29 Arson
26:28 Gold Shaft Mining
26:28 Stone Shaft Mining
25:54 Stronghold
26:36 Heavy Plow
31:06 Murder Holes
31:23 Masonry
31:49 Chain Mail Armor
34:23 Iron Casting
33:38 Fletching
38:09 Imperial Age
Merhat
11:14 Loom
14:15 Feudal Age
18:50 Castle Age
17:27 Horse Collar
20:44 Stone Mining
20:58 Double-Bit Axe
29:27 Bloodlines
Milla Magia
5:07 Loom
13:45 Feudal Age
17:31 Castle Age
15:29 Double-Bit Axe
18:46 Bow Saw
18:19 Horse Collar
21:41 Stone Mining
22:38 Town Watch
29:01 Imperial Age
26:47 Fletching
30:48 Gold Mining
34:22 Scale Mail Armor
lord evil
2:47 Loom
14:05 Feudal Age
19:29 Castle Age
20:23 Town Watch
23:49 Fletching
30:05 Bodkin Arrow
32:35 Wheelbarrow
KaiZerShift
9:20 Loom
14:12 Wheelbarrow
15:26 Fishing Lines
19:21 Feudal Age
23:39 Castle Age
21:56 Hand Cart
24:51 Double-Bit Axe
24:48 Horse Collar
25:25 Husbandry
24:46 Cavalier
25:41 Town Watch
25:55 Gold Mining
26:18 Bow Saw
26:44 Scale Barding Armor
26:50 Forging
28:01 Heavy Plow
33:01 Crop Rotation
32:25 Stone Mining
35:38 Two-Man Saw
35:15 Gold Shaft Mining
davince0285
13:42 Feudal Age
14:45 Fishing Lines
15:48 Loom
20:41 Castle Age
19:04 Fletching
20:33 Forging
20:50 Double-Bit Axe
21:23 Scale Mail Armor
21:07 Pikeman
28:27 Chain Mail Armor
29:06 Bodkin Arrow
29:43 Bow Saw
31:42 Medium Warships
31:34 Gold Mining
31:33 Horse Collar
33:50 Heavy Plow
Mryo's fans
8:35 Loom
16:59 Feudal Age
17:44 Double-Bit Axe
21:16 Fletching
24:49 Castle Age
23:07 Stone Mining
24:16 Gold Mining
25:37 Bodkin Arrow
26:04 Bow Saw
26:22 Medium Warships
26:44 Fishing Lines
27:34 Padded Archer Armor
37:03 Imperial Age
Connection lost

Rejoining the realm…

Still unreachable

The connection could not be restored.

Session expired

The server has moved on; the page needs a fresh start.